Cogmind - Beta 13 *** ADVENTURER MODE // 2024.04.03 @ 21:20:11 Player: jjjdanny Result: Self-destructed Performance ------------- Evolutions (2) 1000 Regions Visited (4) 800 Robots Destroyed (19) 95 Value Destroyed (619) 619 Prototype IDs (0) 0 Alien Tech Used (0) 0 Bonus (0) 0 TOTAL SCORE: 2514 Bonus ------- None Cogmind --------- Core Integrity 525/550 Matter 115/500 Energy 100/100 System Corruption 0% Temperature Cool (93) Movement Walking (190) Ox1 Location -8/Materials Parts ------- > --- POWER (1) -------- (None) > --- PROPULSION (3) --- Aluminum Leg Aluminum Leg > --- UTILITY (3) ------ Large Storage Unit High-capacity Matter Pod > --- WEAPON (4) ------- Mini Grenade Launcher Mini Grenade Launcher Mini Grenade Launcher Mini Grenade Launcher > --- INVENTORY (15) --- Improved Ion Engine Deuterium Engine Deuterium Engine Aluminum Leg Aluminum Leg High-capacity Matter Pod (200) Advanced Weight Redist. System Advanced Weight Redist. System Light Armor Plating Light Assault Rifle Heavy Assault Rifle Peak State ------------ > --- POWER ------------ Light Ion Engine > --- PROPULSION ------- Aluminum Leg Aluminum Leg Aluminum Leg > --- UTILITY ---------- Heat Sink Large Storage Unit High-capacity Matter Pod > --- WEAPON ----------- Mini Grenade Launcher Mini Grenade Launcher Mini Grenade Launcher Mini Grenade Launcher > --- INVENTORY -------- Improved Ion Engine Deuterium Engine Deuterium Engine Aluminum Leg Aluminum Leg High-capacity Matter Pod Advanced Weight Redist. System Advanced Weight Redist. System Light Armor Plating Light Assault Rifle Heavy Assault Rifle [Rating: 17] Favorites ----------- Power Ion Engine Engine Ion Engine Propulsion Aluminum Leg Leg Aluminum Leg Utility High-capacity Matter Pod Device Heat Sink Storage High-capacity Matter Pod Weapon Light Assault Rifle Ballistic Gun Light Assault Rifle Launcher Mini Grenade Launcher Build | -11 -10 -10 -9 -8 ------- Run | Yrd Mat Min Mat Mat Slots Evolved 4 | . . . 2 2 Power . | . . . . . Propulsion 1 | . . . 1 . Utility 1 | . . . 1 . Weapon 2 | . . . . 2 Parts Attached 21 | 6 . 4 7 4 Power 2 | 1 . . 1 . Engine 2 | 1 . . 1 . Core . | . . . . . Reactor . | . . . . . Propulsion 5 | 2 . 1 2 . Treads . | . . . . . Leg 5 | 2 . 1 2 . Wheel . | . . . . . Hover . | . . . . . Flight . | . . . . . Utility 7 | 1 . 3 3 . Device 3 | . . 1 2 . Storage 4 | 1 . 2 1 . Processor . | . . . . . Hackware . | . . . . . Protection . | . . . . . Artifact . | . . . . . Weapon 7 | 2 . . 1 4 Energy Gun . | . . . . . Energy Cannon . | . . . . . Ballistic Gun 3 | 2 . . 1 . Ballistic Cannon . | . . . . . Launcher 4 | . . . . 4 Special Weapon . | . . . . . Impact Weapon . | . . . . . Slashing Weapon . | . . . . . Piercing Weapon . | . . . . . Special Melee Weapon . | . . . . . Unidentified Prototypes . | . . . . . Parts Lost 5 | . . . 2 3 Power 2 | . . . 1 1 Propulsion 1 | . . . . 1 Utility 1 | . . . . 1 Weapon 1 | . . . 1 . Highest Loss Streak 3 | . . . 1 3 To Critical Strikes . | . . . . . Average Slot Usage (%) 97 | . 85 97 97 97 Engine 12 | . 14 14 11 8 Leg 29 | . 28 28 33 26 Device 6 | . . 1 11 8 Storage 22 | . 14 24 22 18 Ballistic Gun 21 | . 28 28 19 . Launcher 4 | . . . . 36 Naked Turns . | . . . . . Heaviest Build 33 | 13 13 22 33 32 Greatest Support 30 | 20 20 20 30 30 Greatest Overweight (x) 4 | 4 . 1 1 1 Average Overweight (x) . | 1 . . . 1 Largest Inventory Capacity 15 | 8 8 10 15 15 Average Capacity 12 | 7 8 9 14 15 Most Carried 13 | 3 1 6 13 13 Average Carried 5 | 1 1 4 6 11 Final Capacity 15 | 8 8 10 15 15 Final Carried 13 | 1 1 6 13 11 Class Distribution -------------------- 68% | Mutant 21% | Scavenger-Mutant 10% | Gunner Dominant Class ---------------- Mutant | -10/Materials Mutant | -10/Mines Scavenger-Mutant | -9/Materials Gunner | -8/Materials Resources | -11 -10 -10 -9 -8 ----------- Run | Yrd Mat Min Mat Mat Matter Collected 513 | 260 . 140 113 . Remotely . | . . . . . Salvage Created 519 | . . 179 241 99 Parts 31 | . . 8 13 10 Haulers Intercepted . | . . . . . Recyclers Shooed . | . . . . . Parts Field Recycled . | . . . . . Retrieved Matter . | . . . . . Parts Self-Destructed . | . . . . . Prevented . | . . . . . Kills | -11 -10 -10 -9 -8 ------- Run | Yrd Mat Min Mat Mat Combat Hostiles Destroyed 14 | . . 4 5 5 Guns 9 | . . 4 5 . AOE 5 | . . . . 5 Classes Destroyed 7 | . . 1 1 5 Worker 2 | . . . . 2 Builder 2 | . . . . 2 Watcher 1 | . . . . 1 Swarmer 1 | . . . . 1 Grunt 9 | . . 4 3 2 Brawler 1 | . . . . 1 Sentry 3 | . . . 2 1 Best Kill Streak 10 | . . 2 3 10 Combat Bots Only 4 | . . 2 3 4 Max Kills in Single Turn 4 | . . 1 1 4 Gunslinging . | . . . . . Exploded 3 | . . . . 3 Melee . | . . . . . Uniques/NPCs Destroyed . | . . . . . Combat | -11 -10 -10 -9 -8 -------- Run | Yrd Mat Min Mat Mat Hostile Shots Fired 92 | . . 45 28 19 Missed 31 | . . 11 9 11 Damage Taken 920 | . . 358 206 356 Core 119 | . . 44 50 25 Absorbed by Shields . | . . . . . Ignored by Resistances 266 | . . 110 60 96 Core Remaining (%) 89 | 100 . 82 87 . Volleys Fired 49 | . . 20 20 9 Largest 4 | . . 2 2 4 Hottest 120 | . . 40 43 120 Shots Fired 107 | . . 40 31 36 Gun 71 | . . 40 31 . Cannon . | . . . . . Launcher 36 | . . . . 36 Special . | . . . . . Kinetic 71 | . . 40 31 . Thermal . | . . . . . Explosive 36 | . . . . 36 Electromagnetic . | . . . . . Robot Hit Streak 18 | . . 11 14 18 Robot Miss Streak 2 | . . 1 2 1 Penetration Max . | . . . . . Secondary Targets 2 | . . 1 1 . Max Gunslinging Chain 1 | . . 1 1 . Shots Hit Robots 66 | . . 32 25 9 Core Hits 45 | . . 11 12 22 Critical Kills 1 | . . 1 . . Critical Parts Destroyed . | . . . . . Critical Strikes 1 | . . 1 . . Destroy 1 | . . 1 . . Melee Attacks . | . . . . . Impact . | . . . . . Slashing . | . . . . . Piercing . | . . . . . Sneak Attacks . | . . . . . Combat Hostiles . | . . . . . Follow-up Attacks . | . . . . . Damage Inflicted 1446 | . . 331 228 887 Guns 559 | . . 331 228 . Cannons . | . . . . . Explosions 887 | . . . . 887 Melee . | . . . . . Ramming . | . . . . . Kinetic 559 | . . 331 228 . Thermal . | . . . . . Explosive 887 | . . . . 887 Electromagnetic . | . . . . . Impact . | . . . . . Slashing . | . . . . . Piercing . | . . . . . Highest Corruption . | . . . . . Average Corruption . | . . . . . Corruption Purged . | . . . . . Corruption Blocked . | . . . . . Overload Shots . | . . . . . Overflow Damage 47 | . . . . 47 Projectiles . | . . . . . Explosions 47 | . . . . 47 Melee . | . . . . . Knockbacks . | . . . . . Impact . | . . . . . Kinetic . | . . . . . Secondary . | . . . . . Self-Inflicted Damage 281 | . . . . 281 Shots 8 | . . . . 8 Rammed . | . . . . . Targets Rammed . | . . . . . Kicked . | . . . . . Crushed . | . . . . . Highest Temperature 124 | . . 53 . 124 Average Temperature 28 | . . 21 . 37 Received Heat Transfer 426 | . . 288 102 36 Siege Activations . | . . . . . Robots Corrupted . | . . . . . Combat Hostiles . | . . . . . Parts Fried . | . . . . . Impact Corruptions . | . . . . . Robots Melted . | . . . . . Combat Hostiles . | . . . . . Parts Melted . | . . . . . Heat Transferred . | . . . . . Parts Sabotaged . | . . . . . Parts Stolen . | . . . . . Parts Stripped . | . . . . . Power Chain Reactions . | . . . . . Alert | -11 -10 -10 -9 -8 ------- Run | Yrd Mat Min Mat Mat Peak Influence 233 | . . 115 89 233 Initial 23 | . . . 4 23 Average 48 | . . 49 51 60 Maximum Alert Level 1 | . . . . 1 Low Security (%) 99 | 100 100 100 100 94 Level 1 . | . . . . 5 Level 2 . | . . . . . Level 3 . | . . . . . Level 4 . | . . . . . Level 5 . | . . . . . High Security . | . . . . . Max Security . | . . . . . Squads Dispatched 3 | . . . 2 1 Investigation 1 | . . . 1 . Extermination . | . . . . . Reinforcement 1 | . . . 1 . Assault . | . . . . . Garrison 1 | . . . . 1 Intercept . | . . . . . Searches Triggered . | . . . . . Construction Impeded . | . . . . . Haulers Reinforced . | . . . . . Active Scanning Responses . | . . . . . Cargo Convoy Interrupts . | . . . . . Stealth | -11 -10 -10 -9 -8 --------- Run | Yrd Mat Min Mat Mat Distress Signals 1 | . . . . 1 Communications Jammed . | . . . . . Distress Signals . | . . . . . Times Spotted 19 | . . 7 6 6 Peak Tracking Total 4 | . . 2 2 4 Tactical Retreats 1 | . . 1 . . Traps | -11 -10 -10 -9 -8 ------- Run | Yrd Mat Min Mat Mat Traps Triggered . | . . . . . Indirectly . | . . . . . Trap Hack Attempts . | . . . . . Triggered . | . . . . . Disarmed . | . . . . . Reprogrammed . | . . . . . Reused . | . . . . . Traps Extracted . | . . . . . Installed . | . . . . . Triggered . | . . . . . Machines | -11 -10 -10 -9 -8 ---------- Run | Yrd Mat Min Mat Mat Machines Disabled 3 | . . . . 3 Max in Single Turn 2 | . . . . 2 Machines Repaired . | . . . . . Machines Dismantled . | . . . . . Machines Sabotaged . | . . . . . Overloaded Fab Kills . | . . . . . Hacking | -11 -10 -10 -9 -8 --------- Run | Yrd Mat Min Mat Mat Machines Accessed 2 | . . . 2 . Terminals 2 | . . . 2 . Fabricators . | . . . . . Repair Stations . | . . . . . Recycling Units . | . . . . . Scanalyzers . | . . . . . Garrison Access . | . . . . . Total Hacks 6 | . . . 6 . Successful 3 | . . . 3 . Failed 3 | . . . 3 . Catastrophic . | . . . . . Database Lockouts . | . . . . . Manual . | . . . . . Terminals 6 | . . . 6 . Fabricators . | . . . . . Repair Stations . | . . . . . Recycling Units . | . . . . . Scanalyzers . | . . . . . Garrison Access . | . . . . . Terminal Hacks 3 | . . . 3 . Robot Analysis 1 | . . . 1 . Unreport Threat 1 | . . . 1 . Zone Layout 1 | . . . 1 . Fabricator Hacks . | . . . . . Repair Station Hacks . | . . . . . Recycling Unit Hacks . | . . . . . Scanalyzer . | . . . . . Garrison Access Hacks . | . . . . . Unauthorized Hacks . | . . . . . Terminals . | . . . . . Fabricators . | . . . . . Repair Stations . | . . . . . Recycling Units . | . . . . . Scanalyzers . | . . . . . Garrison Access . | . . . . . Data Cores Recovered . | . . . . . Used . | . . . . . Hacking Detections 2 | . . . 2 . Full Trace Events 1 | . . . 1 . Feedback Events . | . . . . . Feedback Blocked . | . . . . . Robot Schematics Acquired . | . . . . . Robots Built . | . . . . . Authchips . | . . . . . Time . | . . . . . Total Robot Build Rating . | . . . . . Part Schematics Acquired . | . . . . . Parts Built . | . . . . . Authchips . | . . . . . Time . | . . . . . Total Part Build Rating . | . . . . . Parts Repaired . | . . . . . Time . | . . . . . Parts Recycled . | . . . . . Recycled Matter . | . . . . . Retrieved Matter . | . . . . . Retrieved Components . | . . . . . Parts Scanalyzed . | . . . . . Part Schematics Acquired . | . . . . . Parts Damaged . | . . . . . Bothacking | -11 -10 -10 -9 -8 ------------ Run | Yrd Mat Min Mat Mat Used RIF Installer . | . . . . . Robots Hacked . | . . . . . Non-combat . | . . . . . Combat . | . . . . . Robot Hacks Applied . | . . . . . Relay Couplers Released . | . . . . . Fabnet Peak Effective % . | . . . . . Robots Rewired . | . . . . . Allies Hacked . | . . . . . Hacks Repelled . | . . . . . Allies | -11 -10 -10 -9 -8 -------- Run | Yrd Mat Min Mat Mat Total Allies . | . . . . . Largest Group . | . . . . . Highest-Rated Group . | . . . . . Highest-Rated Ally . | . . . . . Total Orders . | . . . . . Ally Attacks . | . . . . . Total Damage . | . . . . . Kills . | . . . . . Allies Corrupted . | . . . . . Allies Melted . | . . . . . Intel | -11 -10 -10 -9 -8 ------- Run | Yrd Mat Min Mat Mat Robot Analysis Total 1 | . . . 1 . Derelict Logs Recovered 2 | . . 2 . . Drone Launches . | . . . . . Drone Recoveries . | . . . . . Exploration | -11 -10 -10 -9 -8 ------------- Run | Yrd Mat Min Mat Mat Turns Passed 1032 | 55 9 461 388 119 Spaces Moved 486 | 29 8 233 173 43 Core 13 | 13 . . . . Treads . | . . . . . Legs 473 | 16 8 233 173 43 Wheels . | . . . . . Hover . | . . . . . Flight . | . . . . . Fastest Speed 50 | 50 120 120 120 190 Average Speed 173 | 147 120 168 183 190 Slowest Speed 250 | 250 120 190 190 190 Overloaded Moves . | . . . . . Propulsion Burnouts . | . . . . . Robots Hopped . | . . . . . Cave-ins Triggered . | . . . . . Exploration Rate (%) 13 | 4 4 33 16 9 Regions Visited 4 Branch Regions 1 Pre-discovered Areas . | . . . . . Known Exits Taken . | . . . . . Unknown Exits Taken 4 | 1 1 1 1 . Scrap Searched 1 | . . 1 . . Spaces Dug 17 | . . . . 17 Terrain Destroyed 83 | . . . . 83 Melee . | . . . . . Projectile . | . . . . . AOE 83 | . . . . 83 Terrain Rammed . | . . . . . Walls Destroyed . | . . . . . Machines Disabled . | . . . . . Actions | -11 -10 -10 -9 -8 --------- Run | Yrd Mat Min Mat Mat Total 588 | 41 7 266 216 58 Wait . | . . . . . Move 482 | 28 7 232 172 43 Hop . | . . . . . Pick Up 29 | 7 . 8 14 . Fast Attach . | . . . . . Attach 15 | 6 . 1 4 4 Detach 2 | . . . . 2 Swap 6 | . . 3 3 . Drop 5 | . . 2 3 . Fire 49 | . . 20 20 9 Melee . | . . . . . Ram . | . . . . . Kick . | . . . . . Crush . | . . . . . Escape Stasis . | . . . . . Rewire . | . . . . . Trap . | . . . . . Miscellaneous . | . . . . . Route ------- -11/Scrapyard -10/Materials -10/Mines -9/Materials -8/Materials History --------- Turn | Location | Event 14 | -11/Scrapyard | Discovered new exit (range 16) 56 | -11/Scrapyard | Entered Materials 56 | -10/Materials | Discovered new exit (range 7) 65 | -10/Materials | Entered Mines 184 | -10/Mines | Learned Materials garrison access intel 313 | -10/Mines | Build established: Mutant 439 | -10/Mines | A weapon hastily lodged in a ceiling crevice suddenly fell to the ground 448 | -10/Mines | Learned Materials garrison access intel 500 | -10/Mines | Discovered new exit (range 9) 526 | -10/Mines | Entered Materials 526 | -9/Materials | Evolved 2 slots: Propulsion x1, Utility x1 885 | -9/Materials | Discovered new exit (range 15) 914 | -9/Materials | Entered another Materials area 914 | -8/Materials | Evolved 2 slots: Weapon x2 915 | -8/Materials | Loaded intel: 1 garrison access location 1026 | -8/Materials | Garrison activated, responded to threat 1033 | -8/Materials | Self-destructed Last Messages --------------- U-05 Engineer lays Concrete. The unstable cave ceiling collapses. Terminal disabled. The unstable cave ceiling collapses. Aluminum Leg destroyed. Destroyed Aluminum Leg. Heat Sink destroyed. Destroyed Heat Sink. G-47 Trooper calls for garrison reinforcements. ALERT: Activating Garrison Access M001. G-47 Trooper destroyed. B-36 Bruiser destroyed. G-47 Trooper destroyed. K-01 Serf destroyed. The unstable cave ceiling collapses. Rnf. Ion Engine crushed. The unstable cave ceiling collapses. Lgt. Ion Engine destroyed. Destroyed Lgt. Ion Engine. Y-45 Defender destroyed. Map ----- +----------------------------------------------------+ | ?????????????????????????????????????????????????? | | ?????????????????????????????????????????????????? | | ?????????????????????????????????????????????????? | | ?????????????????????????????????????????????????? | | ?????????????????????????????????????????????????? | | ?????????????????????????????????????????????????? | | ?????????????????????????????????????????????????? | | ?????????????????????????????????????????????????? | | ?????????????????????????????????????????????????? | | ??????????????????? ?????????????????????????????? | | ?????????????????"" ?????????????????????????????? | | ????????????????"G ????????? ?? ????????????????? | | ?????????????????"" ???????? "???????????????? | | ???????? ????????? ???????? ! ""??????????????? | | ????????? ?????###+######## %= " ????????????? | | ?????????##+##### = ????????????? | | ?????????# ???????????? | | ??????#### !* ???????????? | | ????? ^^ !* ??????????? | | ????? ### ! #??????????? | | ????? ## ??????????? | | ????? ##" !% ?????????? | | ????? ## ]?????????? | | ??????############ # ????????? | | ?????????????????# # ????????? | | ?????????????????# ## @ ????????? | | ????????????????## # ????????? | | ????????????????# # ????????? | | ????????????????# ! ;"####????? | | ????????????????+ ???? | | ????????????????# ???? | | ????????????????# ###### [ ???? | | ????????????????## ##???# # ???? | | ?????????????????# #?????## ???? | | ?????????????????# #??????# ???? | | ?????????????????# #??????########### ???? | | ????????????????? #???????????????????###+????? | | ???????????????? #???????????????????????????? | | ??????????????? #???????????????????????????? | | ??????????????#######????????????????????????????? | | ?????????????????????????????????????????????????? | | ?????????????????????????????????????????????????? | | ?????????????????????????????????????????????????? | | ?????????????????????????????????????????????????? | | ?????????????????????????????????????????????????? | | ?????????????????????????????????????????????????? | | ?????????????????????????????????????????????????? | | ?????????????????????????????????????????????????? | | | | | +----------------------------------------------------+ Best States ------------- Heat Dissipation 42 Energy Generation 10 Energy Capacity 250 Matter Stores 500 Matter Capacity 500 Sight Range 16 Terrain Scan Density 10 Resistance: KI 20 Resistance: TH 20 Resistance: EX 20 Resistance: EM 20 Resistance: I 20 Resistance: S 20 Resistance: P 20 Evasion (%) 55 Offensive Hacking 10 Item Schematics ----------------- None Robot Schematics ------------------ None Fabricated ------------ Nothing Alien Tech Used ----------------- None Achievements -------------- None Challenges ------------ None Game ------ Seed NeutrinoQuantumShearcannon Manual? 0 Play Time 00:10:32 Cumulative 29.6 hours Start 2024.04.03 @ 21:11:27 End 2024.04.03 @ 21:20:11 Sessions 1 Manual Loads 0 Difficulty Adventurer Special Mode None Game No. 44 Rogue 0 Adventurer 44 Explorer 0 Win Type - Total 0 Types 0/0/0/0/0/0/0/0/0 Lore% 25 Gallery% 26 Achievement% 22 Wizard Run 0 Options --------- Layout 1 ASCII 0 Keyboard 0 Movement Arrows Keybinds 0 Fullscreen 1 Font 32/SmallcapsGlow Map View 50x40 Zoom Use 0% Tactical HUD 0 Map Filters NONE Filters NONE Steam 1 RUN: 92a0c498-14c8-40a2-8fea-e44ce43de9ac